 Dungeon Crawl Stone Soup version 0.31-a0-164-g2312942fda (webtiles) character file.

Game seed: 9087095184304198723

49 olmar the Grasshopper (level 3, 0/31 HPs)
             Began as a Gnoll Warper on June 13, 2023.
             Was an Initiate of Cheibriados.
             Slain by a hobgoblin (3 damage)
             ... on level 2 of the Dungeon.
             The game lasted 00:01:40 (1159 turns).

olmar the Grasshopper (Gnoll Warper)                Turns: 1159, Time: 00:01:40

Health: 0/31       AC:  3    Str: 11 (13) XL:     3   Next: 77%
Magic:  7/9        EV: 12    Int: 12 (13) God:    Cheibriados [......]
Gold:   31         SH:  0    Dex: 10 (12) Spells: 9/12 levels left

rFire   . . .        a - +0 mace
rCold   + . .        (no shield)
rNeg    . . .        b - +0 leather armour
rPois   .            (no helmet)
rElec   .            (no cloak)
rCorr   .            (no gloves)
SInv    .            (no boots)
Will    .....        (no amulet) Stlth
                     h - ring of protection from cold
HPRegen 0.25/turn    (no ring)
MPRegen 0.11/turn

%: no passive effects
@: silenced, very slow
A: fangs 1, strong nose, distributed training
a: Renounce Religion


You were on level 2 of the Dungeon.
You worshipped Cheibriados.
Cheibriados was noncommittal.
You visited 1 branch of the dungeon, and saw 2 of its levels.

You collected 31 gold pieces.

Inventory:

Hand Weapons
 a - a +0 mace (weapon)
Missiles
 d - 7 boomerangs of dispersal (quivered)
 i - 3 boomerangs
Armour
 b - a +0 leather armour (worn)
Jewellery
 h - a ring of protection from cold (left hand)
Scrolls
 c - a scroll of blinking
 g - a scroll of identify {unknown}
 j - a scroll of poison {unknown}


   Skills:
 + Level 4.6 Fighting
 + Level 1.0 Short Blades
 + Level 1.0 Long Blades
 + Level 1.0 Axes
 + Level 4.6 Maces & Flails
 + Level 1.0 Polearms
 + Level 1.0 Staves
 + Level 1.0 Ranged Weapons
 + Level 2.6 Throwing
 + Level 2.6 Armour
 + Level 4.6 Dodging
 + Level 1.0 Stealth
 + Level 1.0 Shields
 + Level 1.0 Unarmed Combat
 + Level 5.0 Spellcasting
 + Level 0.7 Conjurations
 + Level 0.7 Hexes
 + Level 0.7 Summonings
 + Level 0.7 Necromancy
 + Level 5.4 Translocations
 + Level 0.7 Transmutations
 + Level 0.7 Fire Magic
 + Level 0.7 Ice Magic
 + Level 0.7 Air Magic
 + Level 0.7 Earth Magic
 + Level 0.7 Poison Magic
 + Level 1.0 Invocations
 + Level 1.0 Evocations


You had 9 spell levels left.
You knew the following spells:

 Your Spells              Type           Power      Damage    Failure   Level
a - Blink                 Tloc           32%        N/A       4%          2
b - Magic Dart            Conj           16%        1d3       21%         1

Your spell library contained the following spells:

 Spells                   Type           Power      Damage    Failure   Level
 Lesser Beckoning         Tloc           32%        N/A       4%          2
 Teleport Other           Tloc           16%        N/A       9%          3
 Vhi's Electric Charge    Tloc/Air       20%        N/A       22%         3
 Manifold Assault         Tloc           16%        N/A       28%         4
 Call Imp                 Summ           8%         N/A       30%         2
 Mephitic Cloud           Conj/Pois/Air  4%         N/A       52%         3


Dungeon Overview and Level Annotations

Branches:
Dungeon (2/15)

Altars:
Cheibriados


Innate Abilities, Weirdness & Mutations

You have very sharp teeth.
Your uncanny sense of smell can sniff out nearby items.
Your experience applies equally to all skills.


Message History

You aren't carrying any items that you can evoke.
Okay, then.
Casting: Blink (safe; 4% risk of failure)
Confirm with . or Enter, or press ? or * to list all spells.
Okay, then.
Casting: Blink (safe; 4% risk of failure)
Confirm with . or Enter, or press ? or * to list all spells.
Aiming: Magic Dart (safe; 21% risk of failure)
Press: ? - help, Shift-Dir - straight line, f - black bear
Aim: a black bear (100% to hit)
The magic dart hits the black bear but does no damage.
Unknown command.
You aren't carrying any potions.
Unknown command.
Okay, then.
As you read the scroll labelled WIUCKUD BYKU, it crumbles to dust.
A profound silence engulfs you.
It was a scroll of silence.
The black bear bites you. The black bear claws you. x2
You barely miss the black bear.
You feel stable enough to blink again. The black bear bites you.
The black bear barely misses you. The black bear claws you.
Unknown command.
You sock the black bear!
You bite the black bear, but do no damage.
The black bear is moderately wounded.
The black bear bites you.
* * * LOW HITPOINT WARNING * * *
The black bear closely misses you. The black bear claws you.
* * * LOW HITPOINT WARNING * * *
The black bear closely misses you.
The black bear claws you but does no damage.
The black bear misses you.
You aren't carrying any potions.
The hobgoblin attacks as you move away! The hobgoblin hits you.
* * * LOW HITPOINT WARNING * * *
The hobgoblin attacks as you move away! The hobgoblin hits you.
* * * LOW HITPOINT WARNING * * *
The hobgoblin hits you.
You die...

#####.###.......#
..........##.####
#####.#...##... #
...............?.
#.
.................
#.#
###.#.......g....
#.#
##.#..#####....
#.##.....# .S#.
#@g.#...# .#
#.##h..#.# #.#
##....# #.#
..##.... #. ...#
##.. # ##.# ..
..# .. ∆ .#


You could see a black bear (unsilenced) and a hobgoblin.

Vanquished Creatures
  A gnoll (D:1)
  2 worms (D:2)
  2 bats (D:1)
  3 endoplasms (D:1)
  2 giant cockroaches (D:1)
  3 goblins (D:1)
  3 hobgoblins (D:1)
  3 jackals (D:1)
  3 ball pythons (D:1)
  5 kobolds
  4 rats (D:1)
31 creatures vanquished.

Notes
Turn   | Place    | Note
-------+----------+-------------------------------------------
     0 | D:1      | olmar the Gnoll Warper began the quest for the Orb.
     0 | D:1      | Reached XP level 1. HP: 20/20 MP: 6/6
   374 | D:1      | Reached XP level 2. HP: 26/26 MP: 7/7
   485 | D:1      | Reached skill level 5 in Spellcasting
   485 | D:1      | Reached XP level 3. HP: 31/31 MP: 7/9
   700 | D:1      | Reached skill level 1 in Invocations
   924 | D:2      | Learned a level 2 spell: Blink
  1003 | D:2      | Found a snail-covered altar of Cheibriados.
  1006 | D:2      | Learned a level 1 spell: Magic Dart
  1067 | D:2      | Reached skill level 1 in Short Blades
  1067 | D:2      | Reached skill level 1 in Long Blades
  1067 | D:2      | Reached skill level 1 in Axes
  1067 | D:2      | Reached skill level 1 in Polearms
  1067 | D:2      | Reached skill level 1 in Staves
  1067 | D:2      | Reached skill level 1 in Ranged Weapons
  1067 | D:2      | Reached skill level 1 in Stealth
  1067 | D:2      | Reached skill level 1 in Shields
  1067 | D:2      | Reached skill level 1 in Unarmed Combat
  1067 | D:2      | Reached skill level 1 in Evocations
  1088 | D:2      | Became a worshipper of Cheibriados the Contemplative
  1147 | D:2      | Noticed a black bear
  1159 | D:2      | Slain by a hobgoblin

Illustrated notes

Levels and vault maps discovered:
D:1:      minmay_arrival_widening_spiral_narrow, layout_basic
D:2:      layout_loops_ring, basic_altar, minmay_pentomino_w2

Skill      XL: |  1  2  3 |
---------------+----------+-----
Spellcasting   | 5 |  5.0
Invocations    | 1 |  1.0
Short Blades   | 1 |  1.0
Long Blades    | 1 |  1.0
Axes           | 1 |  1.0
Polearms       | 1 |  1.0
Staves         | 1 |  1.0
Ranged Weapons | 1 |  1.0
Stealth        | 1 |  1.0
Shields        | 1 |  1.0
Unarmed Combat | 1 |  1.0
Evocations     | 1 |  1.0
Fighting       | |  4.6
Maces & Flails | |  4.6
Throwing       | |  2.6
Armour         | |  2.6
Dodging        | |  4.6
Conjurations   | |  0.7
Hexes          | |  0.7
Summonings     | |  0.7
Necromancy     | |  0.7
Translocations | |  5.4
Transmutations | |  0.7
Fire Magic     | |  0.7
Ice Magic      | |  0.7
Air Magic      | |  0.7
Earth Magic    | |  0.7
Poison Magic   | |  0.7

Action                     || total
---------------------------++-------
  Melee: Mace              ||   104
         Bite              ||    10
         Punch             ||     1
   Cast: Magic Dart        ||     1
         Blink             ||     1
    Use: Scroll            ||     1
         Potion            ||     1
 Armour: Leather armour    ||    30
  Dodge: Dodged            ||    76

Table legend: (Time is in decaauts)
 A = Elapsed time spent in this place.
 B = Non-inter-level travel time spent in this place.
 C = Inter-level travel time spent in this place.
 D = Time resting spent in this place.
 E = Time spent auto-exploring this place.
 F = Levels seen in this place.
 G = Mean time per level.
                   A        B        C        D        E       F      G
               +--------+--------+--------+--------+--------+-----+--------+
         Total |   1192 |   1164 |     28 |    143 |    761 |   2 |  596.0 |
       Dungeon |   1192 |   1164 |     28 |    143 |    761 |   2 |  596.0 |
               +--------+--------+--------+--------+--------+-----+--------+

Top non-repeatable levels by time:
     D:1: 908 daAuts
     D:2: 284 daAuts
